 Dungeon Crawl Stone Soup version 0.20.0-8-g6b59dc7 (webtiles) character file.

329 Firecrotchwizard the Chopper (level 6, -4/84 HPs)
             Began as a Minotaur Berserker on June 2, 2017.
             Was a Priest of Trog.
             Slain by Duvessa
             ... wielding a +0 short sword
              (8 damage)
             ... on level 4 of the Dungeon.
             The game lasted 00:04:39 (2798 turns).

Firecrotchwizard the Chopper (Minotaur Berserker)   Turns: 2798, Time: 00:04:40

Health: -4/84      AC:  8    Str: 27    XL:     6   Next: 25%
Magic:  5/5        EV: 11    Int:  4    God:    Trog [***...]
Gold:   103        SH:  0    Dex: 11    Spells: 5/5 levels left

rFire    + . .     SeeInvis .   a - +0 hand axe
rCold    . . .     Gourm    .   (no shield)
rNeg     . . .     Faith    .   t - +1 scale mail {rF+}
rPois    .         Spirit   .   (helmet restricted)
rElec    .         Reflect  .   (no cloak)
rCorr    +         Harm     .   (no gloves)
MR       ++...                  (no boots)
Stlth    ..........             (no amulet)
Regen    1.3/turn               p - ring of resist corrosion
MPRegen  0.1/turn               (no ring)

@: berserking, regenerating, very quick
A: retaliatory headbutt, horns 2
a: Berserk, Trog's Hand, Burn Spellbooks, Renounce Religion


You were on level 4 of the Dungeon.
You worshipped Trog.
Trog was most pleased with you.
You were very hungry.

You visited 1 branch of the dungeon, and saw 4 of its levels.

You collected 103 gold pieces.

Inventory:

Hand Weapons
 a - a +0 hand axe (weapon)
 g - a +0 mace of draining
   (You found it on level 1 of the Dungeon)
 m - a +3 spear
   (You found it on level 2 of the Dungeon)
Armour
 b - a +0 animal skin
 e - a +0 large shield
   (You found it on level 1 of the Dungeon)
 l - a +0 ring mail
   (You found it on level 2 of the Dungeon)
 t - a +1 scale mail of fire resistance (worn)
   (You found it on level 3 of the Dungeon)
Jewellery
 p - a ring of resist corrosion (left hand)
   (You found it on level 3 of the Dungeon)
 x - an uncursed ring of see invisible {unknown}
   (You took it off a kobold on level 3 of the Dungeon)
Scrolls
 f - a scroll of blinking {unknown}
 h - 3 scrolls of identify {unknown}
 i - a scroll of enchant weapon {unknown}
 o - a scroll of fog {unknown}
 r - a scroll of fear {unknown}
 w - a scroll of remove curse
 y - a scroll of immolation {unknown}
Potions
 j - a potion of curing {unknown}
 k - a potion of heal wounds {unknown}
 q - a potion of might {unknown}
 s - a potion of mutation {unknown}
Comestibles
 c - 3 bread rations {@e1}
 d - a royal jelly
 u - a meat ration {@e2}


   Skills:
 + Level 5.1 Fighting
 * Level 5.9 Axes
 + Level 3.7 Armour
 - Level 2.1 Dodging
 + Level 3.6 Shields


You had 5 spell levels left.
You didn't know any spells.

Dungeon Overview and Level Annotations

Branches:
Dungeon (4/15)
 Temple: D:4-7

Altars:

Annotations:
D:4 Duvessa


Innate Abilities, Weirdness & Mutations

You reflexively headbutt those who attack you in melee.
You have a pair of horns on your head.


Message History

You have reached level 6!
Your experience leads to an increase in your attributes!
Increase (S)trength, (I)ntelligence, or (D)exterity?
You feel agile.
MP restored: 5 You start resting.
You feel sick. x9
You are no longer poisoned.
You take 4 damage, and have 10/56 hp.
You start resting.
Some of the chunks of flesh in your inventory have rotted away.
Eating a chunk of flesh {@w0}.
You eat the chunk of flesh {@w0}.
Health restored: 56
n - a tomahawk
n - 2 tomahawks (gained 1)
n - 3 tomahawks (gained 1)
You open the door.
There is an open door here.
Duvessa, Sister of Dowan comes into view.
She is wielding a short sword.
Duvessa shouts!
Aim: Duvessa, wielding a short sword and wearing a ring mail You throw a tomahawk.
The tomahawk completely misses Duvessa.
Dowan, Brother of Duvessa comes into view.
He is wielding a dagger.
Aim: Duvessa, wielding a short sword and wearing a ring mail You throw a tomahawk.
Dowan shouts!
The tomahawk hits Duvessa but does no damage.
Aim: Duvessa, wielding a short sword and wearing a ring mail You throw a tomahawk.
The tomahawk barely misses Duvessa.
You barely miss Duvessa. Duvessa hits you with a short sword.
You take 2 damage, and have 54/56 hp.
Your scale mail prevents you from hitting Duvessa.
You hit Dowan. Duvessa closely misses you. Dowan hits you but does no damage.
Your skin crawls.
You feel resistant to hostile enchantments.
You feel somewhat more hungry. Duvessa barely misses you.
Dowan hits you but does no damage.
You miss Dowan. Your headbutt misses Dowan. You hit Duvessa but do no damage.
Duvessa closely misses you. You furiously retaliate!
You headbutt Duvessa. Dowan closely misses you. You furiously retaliate!
You headbutt Dowan.
Health restored: 56 You miss Dowan.
Your headbutt misses Dowan. You hit Duvessa.
Duvessa hits you with a short sword. Dowan hits you but does no damage.
You take 1 damage, and have 55/56 hp.
You hit Duvessa. You hit Dowan. Duvessa hits you with a short sword.
Dowan barely misses you. Duvessa hits you but does no damage.
You hit Dowan but do no damage. You headbutt Dowan, but do no damage.
You hit Duvessa but do no damage. Dowan gestures at you while chanting.
The puff of flame hits you! You resist. Duvessa hits you but does no damage.
You take 3 damage, and have 52/56 hp.
You slash Dowan! You headbutt Dowan.
You kill Dowan!
Trog accepts your kill.
Trog appreciates your killing of a magic user.
Duvessa weeps, then rights herself and shakes her weapon.
Duvessa goes berserk!
You barely miss Duvessa. Duvessa hits you but does no damage.
You barely miss Duvessa. Your headbutt misses Duvessa.
Duvessa barely misses you. You furiously retaliate!
You headbutt Duvessa! Duvessa hits you with a short sword!
You take 10 damage, and have 43/56 hp.
You hit Duvessa but do no damage. You headbutt Duvessa.
Duvessa hits you with a short sword.
You take 3 damage, and have 40/56 hp.
You hit Duvessa but do no damage. Duvessa hits you but does no damage. x2
You completely miss Duvessa. Duvessa hits you but does no damage.
You hit Duvessa. Duvessa hits you but does no damage.
Duvessa barely misses you.
You hit Duvessa but do no damage. Duvessa hits you but does no damage.
You regained 2 hp, and now have 45/56 hp.
You hit Duvessa but do no damage. Duvessa closely misses you.
You furiously retaliate!
You headbutt Duvessa, but do no damage. Duvessa hits you with a short sword!
You take 10 damage, and have 35/56 hp.
You barely miss Duvessa. Duvessa hits you but does no damage.
You closely miss Duvessa. Duvessa hits you with a short sword!
Duvessa closely misses you.
You take 10 damage, and have 26/56 hp.
You are too injured to fight recklessly!
You are too injured to fight recklessly!
You are too injured to fight recklessly!
You are too injured to fight recklessly!
You closely miss Duvessa. Your headbutt misses Duvessa.
Duvessa hits you with a short sword!
You take 7 damage, and have 19/56 hp.
You hit Duvessa but do no damage. Duvessa barely misses you.
You furiously retaliate!
You headbutt Duvessa, but do no damage. Duvessa hits you with a short sword!
* * * LOW HITPOINT WARNING * * *
You take 9 damage, and have 10/56 hp.
You closely miss Duvessa.
You feel the effects of Trog's Hand fading.
Duvessa hits you with a short sword!
* * * LOW HITPOINT WARNING * * *
You take 8 damage, and have 2/56 hp.
A red film seems to cover your vision as you go berserk!
You feel yourself moving faster!
You feel mighty!
You are feeling very hungry.
Duvessa hits you with a short sword!
You die...

#.......#...#........##
#.......#...#[.......#
+.......#...#........#
#.......#...#........#
#.......#...#........#
#.......#...#........#
#.......# #........#
#.......# #........+
#.....@.# #........#
+....e).# #........#
#.......# #.........
#(......# #..........
#..(....# #(...)..#
#.(.....# #.......#


You could see Duvessa (berserk).

Vanquished Creatures
  A phantom (D:4)
  Dowan (D:4)
  A worker ant (D:4)
  A hound zombie (D:2)
  A worker ant zombie (D:2)
  A gnoll (D:2)
  6 adders
  2 oozes
  A worm (D:2)
  A leopard gecko (D:1)
  4 orcs (D:3)
  A bat skeleton (D:2)
  3 giant cockroaches
  8 hobgoblins
  4 jackals (D:3)
  4 kobolds
  A quokka (D:2)
  A ball python (D:2)
  4 bats
  4 frilled lizards
  4 goblins (D:1)
  10 rats
64 creatures vanquished.

Notes
Turn   | Place    | Note
-------+----------+-------------------------------------------
     0 | D:1      | Firecrotchwizard the Minotaur Berserker began the quest for the Orb.
     0 | D:1      | Reached XP level 1. HP: 19/19 MP: 0/0
   163 | D:1      | Reached XP level 2. HP: 22/27 MP: 1/1
   246 | D:1      | Reached skill level 1 in Shields
   247 | D:1      | Reached skill level 4 in Axes
   251 | D:1      | Reached ** piety under Trog
   499 | D:2      | Reached XP level 3. HP: 16/33 MP: 2/2
   522 | D:2      | HP: 8/33 [poisoned by an adder]
   795 | D:2      | Reached skill level 4 in Fighting
  1099 | D:2      | Reached skill level 2 in Shields
  1303 | D:2      | Reached XP level 4. HP: 29/41 MP: 3/3
  1396 | D:2      | Reached skill level 3 in Armour
  1878 | D:3      | Reached skill level 5 in Axes
  1973 | D:3      | Reached XP level 5. HP: 47/47 MP: 4/4
  2115 | D:3      | Reached skill level 3 in Shields
  2288 | D:3      | Reached *** piety under Trog
  2399 | D:4      | Noticed a phantom
  2448 | D:4      | Killed a phantom
  2448 | D:4      | Reached skill level 5 in Fighting
  2448 | D:4      | Reached XP level 6. HP: 14/56 MP: 5/5
  2449 | D:4      | HP: 14/56 [poisoned by a worker ant]
  2455 | D:4      | HP: 12/56 [poisoned by a worker ant]
  2461 | D:4      | HP: 11/56 [poisoned by a worker ant]
  2469 | D:4      | HP: 10/56 [poisoned by a worker ant]
  2773 | D:4      | Noticed Duvessa
  2775 | D:4      | Noticed Dowan
  2785 | D:4      | Killed Dowan
  2796 | D:4      | HP: 10/56 [Duvessa/short sword (11)]
  2797 | D:4      | HP: 2/56 [Duvessa/short sword (9)]
  2798 | D:4      | Slain by Duvessa

Skill      XL: |  1  2  3  4  5 |
---------------+----------------+-----
Shields        | 1 2 3 |  3.6
Axes           | 4 5 |  5.9
Fighting       | 4 5 |  5.1
Armour         | 3 |  3.7
Dodging        | |  2.1

Action                   |  1- 3 |  4- 6 || total
-------------------------+-------+-------++-------
Melee: Hand axe          |    84 |    99 ||   183
       Headbutt          |    10 |    17 ||    27
Throw: Tomahawk          |       |    14 ||    14
Invok: Berserk           |       |     1 ||     1
       Trog's Hand       |       |     1 ||     1
  Use: Scroll            |     1 |       ||     1
 Stab: Sleeping          |     1 |       ||     1
  Eat: Chunk             |     1 |     5 ||     6
Armor: Animal skin       |    18 |       ||    18
       Ring mail         |     7 |    10 ||    17
       Scale mail        |       |    29 ||    29
Dodge: Dodged            |    52 |    51 ||   103

Vault maps used:
D:1:      dpeg_arrival_snail
D:2:      first_bread, serial_undead, serial_undead_e, serial_undead_e,
          serial_undead_a, serial_undead_e, serial_undead_c, minivault_14,
          kennysheep_generic_room_4
D:4:      minmay_temple_entry_enclosed_plants, uniq_duvessa, uniq_eustachio

Table legend:
 A = Turns spent in this place as a percentage of turns spent in the entire game.
 B = Non-inter-level travel turns spent in this place as a percentage of non-inter-level travel turns spent in the entire game.
 C = Inter-level travel turns spent in this place as a percentage of turns spent in this place.
 D = Turns resting spent in this place as a percentage of non-inter-level travel turns spent in this place.
 E = Turns spent auto-exploring this place as a percentage of non-inter-level travel turns spent in this place.
 F = Non-inter-level travel turns spent in this place divided by the number of levels of this place that you've seen.
                   A       B       C       D       E      F
               +-------+-------+-------+-------+-------+----------------------
         Total | 100.0 | 100.0 |   0.7 |   4.9 |  14.3 | 143.8
       Dungeon | 100.0 | 100.0 |   0.7 |   4.9 |  14.3 | 143.8
               +-------+-------+-------+-------+-------+----------------------

Table legend:
 A = Kills in this place as a percentage of kills in entire the game.
 B = Kills by you in this place as a percentage of kills by you in the entire game.
 C = Kills by friends in this place as a percentage of kills by friends in the entire game.
 D = Other kills in this place as a percentage of other kills in the entire game.
 E = Experience gained in this place as a percentage of experience gained in the entire game.
 F = Experience gained in this place divided by the number of levels of this place that you have seen.
                   A       B       C       D       E      F
               +-------+-------+-------+-------+-------+----------------------
         Total | 100.0 | 100.0 |  -nan |  -nan | 100.0 | 117.5
       Dungeon | 100.0 | 100.0 |  -nan |  -nan | 100.0 | 117.5
               +-------+-------+-------+-------+-------+----------------------
